 Dungeon Crawl Stone Soup version 0.29-a0-88-g03a7b78be7 (webtiles) character file.

Game seed: 9848068803664498337

38 enile the Skirmisher (level 3, 0/33 HPs)
             Began as a Ghoul Monk on Feb 6, 2022.
             Slain by an adder (3 damage)
             ... on level 2 of the Dungeon.
             The game lasted 00:02:53 (1475 turns).

enile the Skirmisher (Ghoul Monk)                   Turns: 1475, Time: 00:02:54

Health: 0/33       AC:  7    Str: 18    XL:     3   Next: 43%
Magic:  11/11      EV: 11    Int:  8    God:
Gold:   67         SH:  0    Dex: 13    Spells: 2/2 levels left

rFire   . . .      SeeInvis .   j - +5 quarterstaff of Suexkuf {freeze, *Slow rElec Str+4 Int+3}
rCold   + + .      Faith    .   (shield currently unavailable)
rNeg    + + +      Spirit   .   k - +2 ring mail {rC+}
rPois   ∞          Reflect  .   (no helmet)
rElec   +          Harm     .   (no cloak)
rCorr   .          Rampage  .   (no gloves)
Will    .....                   (no boots)
Stlth   +.........              (no amulet)
HPRegen 0.00/turn               l - ring of magical power
MPRegen 0.12/turn               (no ring)

@: inhibited regen
A: claws 1, cold resistance 1, negative energy resistance 3, inhibited
regeneration, torment resistance 2
a: no special abilities


You were on level 2 of the Dungeon.
You visited 1 branch of the dungeon, and saw 2 of its levels.

You collected 67 gold pieces.

Inventory:

Hand Weapons
 f - a +2 dagger of flaming
 j - the +5 quarterstaff of Suexkuf (weapon) {freeze, *Slow rElec Str+4 Int+3}
   (You found it on level 2 of the Dungeon)

   It freezes those it strikes, dealing additional cold damage.
   It can also slow down cold-blooded creatures.
   Str:       It affects your strength (+4).
   Int:       It affects your intelligence (+3).
   rElec:     It insulates you from electricity.
   *Slow:     It may slow you when you take damage.
Missiles
 c - 2 datura-tipped darts (quivered)
Armour
 a - a +0 robe
 k - a +2 ring mail of cold resistance (worn)
Jewellery
 l - a ring of magical power (left claw)
Scrolls
 e - a scroll of identify
Potions
 h - a potion of curing


   Skills:
 - Level 4.0 Fighting
 + Level 0.3 Staves
 - Level 2.8 Dodging
 - Level 2.4 Stealth
 - Level 4.0 Unarmed Combat


You had 2 spell levels left.
You didn't know any spells.
Your spell library was empty.

Dungeon Overview and Level Annotations

Branches:
Dungeon (2/15)

Altars:
Nemelex Xobeh

Annotations:
D:2 1 runed translucent door, Crazy Yiuf, Terence


Innate Abilities, Weirdness & Mutations

You thrive by killing the living.
You are immune to poison.
You have sharp fingernails.
Your flesh is cold resistant. (rC+)
You are immune to negative energy. (rN+++)
You do not regenerate when monsters are visible.
You are immune to unholy pain and torment.


Message History

Terence closely misses you.
Terence shouts!
Terence hits you but does no damage.
A rat comes into view.
Terence shouts!
Terence shouts!
Terence barely misses you.
Terence closely misses the rat.
The rat bites you but does no damage.
Terence closely misses the rat.
Terence barely misses the rat.
Terence shouts! x2
The rat twitches its whiskers.
A rat comes into view.
Terence barely misses the rat.
Terence shouts! x2
You start to feel less resistant.
Something barely misses the rat.
Terence hits the rat with a +0 short sword!
The rat dies!
Your resistance to elements expires.
Terence barely misses you.
Terence is no longer moving quickly.
Terence no longer looks unusually strong.
Terence is no longer in an insane frenzy.
Terence misses you. The rat bites you but does no damage.
Terence looks more energetic.
You see here a datura-tipped dart.
c - 2 datura-tipped darts (gained 1)
The rat barely misses you.
There is an open door here.
The rat twitches its whiskers.
You closely miss the rat. The rat barely misses you.
As you read the scroll labelled DAKALUNOUG, it crumbles to dust.
It is a scroll of identify.
You don't have any unidentified items.
The rat closely misses you.
An adder comes into view.
You barely miss the adder. The adder bites you.
You die...

#.# #.# #.#
## #.#
.##.# .#.##
♣ ### ##...
♣♣ ♣♣#..)#
##.#S##
P♣♣♣♣.+..g#
#.#.@.##
..♣..♣#...#
#..r..#
.♣.♣♣♣ ###
##.@.##
♣♣♣♣ ##.##
#.#
########
#.#
#......#
##'##
####.###
##...## #.#
##.....##


You could see Terence, an adder and a rat.

Vanquished Creatures
  An adder (D:2)
  A worm (D:2)
  4 bats
  An endoplasm (D:2)
  A giant cockroach (D:2)
  A goblin (D:1)
  2 hobgoblins (D:1)
  4 jackals (D:1)
  A kobold (D:2)
  3 quokkas
  A frilled lizard (D:1)
  3 rats
23 creatures vanquished.

Vanquished Creatures (collateral kills)
  A rat (D:2)
1 creature vanquished.

Vanquished Creatures (others)
  A plant (D:1)
1 creature vanquished.

Grand Total: 25 creatures vanquished

Notes
Turn   | Place    | Note
-------+----------+-------------------------------------------
     0 | D:1      | enile the Ghoul Monk began the quest for the Orb.
     0 | D:1      | Reached XP level 1. HP: 19/19 MP: 0/0
   265 | D:1      | Reached XP level 2. HP: 23/26 MP: 1/1
   767 | D:2      | Found a sparkling altar of Nemelex Xobeh.
   854 | D:2      | Identified the +5 quarterstaff of Suexkuf {freeze, *Slow
                  | rElec Str+4 Int+3}
   990 | D:2      | Reached XP level 3. HP: 31/33 MP: 2/2
  1219 | D:2      | Found a runed translucent door.
  1220 | D:2      | Noticed Crazy Yiuf
  1400 | D:2      | Noticed Terence
  1475 | D:2      | Slain by an adder

Illustrated notes

Levels and vault maps discovered:
D:1:      lightli_arrival_noodles, layout_rooms, serial_bayou_pond_c
D:2:      layout_loops_corners, basic_altar, uniq_crazy_yiuf_cottage,
          uniq_terence

Skill      XL: |  1  2  3 |
---------------+----------+-----
Fighting       | 4 |  4.0
Unarmed Combat | 4 |  4.0
Staves         | |  0.3
Dodging        | |  2.8
Stealth        | |  2.4

Action                   || total
-------------------------++-------
Melee: Unarmed           ||    57
       Quarterstaff      ||    30
Throw: Dart              ||     1
  Use: Scroll            ||     3
       Potion            ||     3
 Stab: Sleeping          ||     6
Armor: Robe              ||    15
       Ring mail         ||     9
Dodge: Dodged            ||    64

Table legend: (Time is in decaauts)
 A = Elapsed time spent in this place.
 B = Non-inter-level travel time spent in this place.
 C = Inter-level travel time spent in this place.
 D = Time resting spent in this place.
 E = Time spent auto-exploring this place.
 F = Levels seen in this place.
 G = Mean time per level.
                   A        B        C        D        E       F      G
               +--------+--------+--------+--------+--------+-----+--------+
         Total |   1483 |   1443 |     40 |      0 |   1156 |   2 |  741.5 |
       Dungeon |   1483 |   1443 |     40 |      0 |   1156 |   2 |  741.5 |
               +--------+--------+--------+--------+--------+-----+--------+

Top non-repeatable levels by time:
     D:2: 834 daAuts
     D:1: 648 daAuts
